 Dungeon Crawl Stone Soup version 0.30-a0-652-gcc886f7154 (webtiles) character file.

Game seed: 6574224286568180522

674 Newt the Skirmisher (level 7, -3/39 HPs)
             Began as a Kobold Hunter on Jan 17, 2023.
             Was a Follower of Hepliaklqana.
             Slain by a two-headed ogre
             ... wielding a +0 giant club
              (22 damage)
             ... on level 5 of the Dungeon.
             The game lasted 00:04:05 (3536 turns).

Newt the Skirmisher (Kobold Hunter)                 Turns: 3536, Time: 00:04:05

Health: -3/39      AC: 10    Str:  9    XL:     7   Next: 90%
Magic:  3/7        EV: 16    Int: 10    God:    Hepliaklqana [*.....]
Gold:   80         SH:  0    Dex: 20    Spells: 4/6 levels left

rFire   . . .      SeeInvis .    y - +2 shortbow (heavy)
rCold   . . .      Faith    .    (shield currently unavailable)
rNeg    . . .      Spirit   .    t - +0 robe "Samywkyg" {+Blink rElec Slay+5}
rPois   .          Reflect  .    n - +2 helmet
rElec   +          Harm     .    w - +0 cloak
rCorr   .          Rampage  .    (no gloves)
Will    .....                    (no boots)
Stlth   ++++                     m - amulet of regeneration
HPRegen 1.06/turn                e - ring of wizardry
MPRegen 0.10/turn                z - +4 ring of protection

@: wereblooded, very slightly contaminated
A: reduced essence, small, no large weapons, nightstalker 3
a: Renounce Religion, Evoke Blink, Recall Ancestor, Ancestor Identity


You were on level 5 of the Dungeon.
You worshipped Hepliaklqana.
Hepliaklqana was aware of your devotion.
You visited 1 branch of the dungeon, and saw 5 of its levels.
You also visited: Sewer.

You collected 260 gold pieces.
You spent 180 gold pieces at shops.

Inventory:

Hand Weapons
 a - a +1 shortbow of draining
 y - a +2 heavy shortbow (weapon)
Armour
 c - a +0 leather armour
 n - a +2 helmet (worn)
 q - the +2 robe of Zite {Rampage Dex+2}
   (You found it on level 3 of the Dungeon)

   Dex:       It affects your dexterity (+2).
   Rampage:   It bestows one free step when moving towards enemies.
 t - the +0 robe "Samywkyg" (worn) {+Blink rElec Slay+5}
   (You acquired it on level 5 of the Dungeon)

   Slay:      It affects your accuracy & damage with ranged weapons and melee
   (+5).
   rElec:     It insulates you from electricity.
   +Blink:    It lets you blink.
 w - a +0 cloak (worn)
Jewellery
 e - a ring of wizardry (left hand)
 j - a +6 ring of intelligence
 m - an amulet of regeneration (around neck)
 z - a +4 ring of protection (right hand)
Wands
 B - a wand of polymorph (7)
Scrolls
 b - a scroll of immolation
 g - 3 scrolls of teleportation
 l - a scroll of enchant armour
 o - 3 scrolls of fog
 u - a scroll of brand weapon
 A - a scroll of blinking
 C - a scroll of poison {unknown}
Potions
 d - 3 potions of lignification
 f - 2 potions of brilliance
 h - 3 potions of curing
 i - a potion of cancellation {unknown}
 k - a potion of resistance {unknown}
 p - a potion of haste {unknown}
 r - 2 potions of attraction {unknown}
 s - a potion of flight {unknown}
 v - 4 potions of might {unknown}


   Skills:
 - Level 5.0 Fighting
 - Level 10.0 Ranged Weapons
 + Level 3.0 Dodging
 - Level 3.0 Stealth


You had 4 spell levels left.
You knew the following spells:

 Your Spells              Type           Power      Damage    Failure   Level
a - Wereblood             Tmut           0%         N/A       22%         2

Your spell library contained the following spells:

 Spells                   Type           Power      Damage    Failure   Level
 Sublimation of Blood     Necr           0%         N/A       22%         2
 Animate Dead             Necr           0%         N/A       80%         4
 Borgnjor's Vile Clutch   Necr/Erth      0%         N/A       98%         5
 Death Channel            Necr           0%         N/A       100%        6
 Summon Hydra             Summ           0%         N/A       100%        7


Dungeon Overview and Level Annotations

Branches:
Dungeon (5/15)              Sewer (visited)
 Temple: D:4-7

Altars:
Cheibriados
Dithmenos
Hepliaklqana
Kikubaaqudgha

Shops:
D:4 *(


Innate Abilities, Weirdness & Mutations

Your life essence is reduced to manifest your ancestor. (-10% HP)
You are small and have problems with some larger weapons.
You are completely attuned to the shadows.


Message History

There are monsters nearby!
You shoot an arrow. The arrow hits the water moccasin.
The water moccasin is moderately wounded.
The two-headed ogre shouts in stereo!
An orc comes into view. It is wielding a +0 hand axe.
You swap places.
The water moccasin completely misses Wigmund.
Wigmund hits the water moccasin.
You shoot an arrow. Wigmund avoids your attack.
The arrow hits the water moccasin!!
You kill the water moccasin!
A scorpion comes into view.
The two-headed ogre hits Wigmund with a +0 giant club!!
Wigmund is destroyed!
You hear an angry hiss.
Training target 10.0 for Ranged Weapons reached!
Your Ranged Weapons skill increases to level 10!
You need to enable at least one skill for training.
Your Dodging skill increases to level 3!
Casting: Wereblood (safe; 22% risk of failure)
Confirm with . or Enter, or press ? or * to list all spells.
You miscast Wereblood.
You are very lightly contaminated with residual magic.
Nothing appears to happen.
Casting: Wereblood (safe; 22% risk of failure)
Confirm with . or Enter, or press ? or * to list all spells.
Your blood is infused with primal strength.
The two-headed ogre hits you with a +0 giant club!!
The two-headed ogre completely misses you.
You shoot an arrow. The arrow hits the two-headed ogre!
The two-headed ogre is lightly wounded.
A wyvern comes into view.
The two-headed ogre hits you with a +0 giant club.
The two-headed ogre closely misses you.
You shoot an arrow. The arrow hits the two-headed ogre!!
The two-headed ogre is heavily wounded.
The two-headed ogre misses you.
The two-headed ogre hits you with a +0 giant spiked club!!
Ouch! That really hurt!
You die...

###### #.>..(
########.####
#............
#.######.#### #.#
#.# #.# #.#
.#########(######.#
...sO@............#
#.#l###############
... .... ..o.


You could see a two-headed ogre, a wyvern and a scorpion.

Vanquished Creatures
  A water moccasin (D:5)
  A kobold brigand (Sewer)
  A scorpion (D:5)
  2 jellies (D:4)
  2 hounds (D:4)
  Ijyb (D:4)
  Jessica (D:2)
  Natasha (thrice) (D:4)
  7 adders
  2 river rats (Sewer)
  2 worms
  A dart slug (D:2)
  5 orcs
  7 ball pythons
  9 endoplasms
  4 giant cockroaches
  9 goblins
  4 hobgoblins
  11 jackals
  13 kobolds
  5 quokkas
  4 bats
  A frilled lizard (D:2)
  5 rats
101 creatures vanquished.

Vanquished Creatures (others)
  An ancestor (D:5)
  2 fungi (D:1)
3 creatures vanquished.

Grand Total: 104 creatures vanquished

Notes
Turn   | Place    | Note
-------+----------+-------------------------------------------
     0 | D:1      | Newt the Kobold Hunter began the quest for the Orb.
     0 | D:1      | Reached XP level 1. HP: 12/12 MP: 1/1
    73 | D:1      | Reached XP level 2. HP: 17/17 MP: 2/2
   334 | D:1      | Reached XP level 3. HP: 22/22 MP: 3/3
  1103 | D:2      | Reached XP level 4. HP: 27/29 MP: 4/4
  1398 | D:2      | Noticed Jessica
  1405 | D:2      | Killed Jessica
  1406 | D:2      | Reached skill level 6 in Ranged Weapons
  1406 | D:2      | Reached XP level 5. HP: 33/33 MP: 5/5
  1627 | D:3      | Found a glowing drain.
  1638 | Sewer    | Entered a sewer
  1699 | Sewer    | Reached skill level 7 in Ranged Weapons
  1830 | Sewer    | Noticed a kobold brigand
  1843 | Sewer    | Killed a kobold brigand
  1844 | Sewer    | Reached skill level 8 in Ranged Weapons
  1844 | Sewer    | Reached XP level 6. HP: 24/38 MP: 6/6
  1981 | D:3      | Identified the +2 robe of Zite {Rampage Dex+2}
  2064 | D:3      | Learned a level 2 spell: Wereblood
  2080 | D:3      | Found an ancient bone altar of Kikubaaqudgha.
  2296 | D:3      | Found a hazy altar of Hepliaklqana.
  2505 | D:3      | Became a worshipper of Hepliaklqana the Forgotten
  2558 | D:4      | Noticed Natasha
  2562 | D:4      | Killed Natasha
  2656 | D:4      | Reached skill level 5 in Fighting
  2680 | D:4      | Found a snail-covered altar of Cheibriados.
  2692 | D:4      | Found Watot's Weapon Emporium.
  2744 | D:4      | Found a shadowy altar of Dithmenos.
  2773 | D:4      | Reached XP level 7. HP: 44/44 MP: 7/7
  2904 | D:4      | Found Paexiuk's Assorted Antiques.
  2911 | D:4      | Bought a glowing shortbow for 180 gold pieces
  2937 | D:4      | Noticed Natasha
  2941 | D:4      | Killed Natasha
  3039 | D:4      | Reached * piety under Hepliaklqana
  3140 | D:4      | Noticed Natasha
  3143 | D:4      | Killed Natasha
  3164 | D:4      | Reached skill level 9 in Ranged Weapons
  3194 | D:4      | Noticed Ijyb
  3198 | D:4      | Killed Ijyb
  3300 | D:5      | Entered Level 5 of the Dungeon
  3318 | D:5      | Identified a scroll of acquirement
  3318 | D:5      | Acquired the +0 robe "Samywkyg" {+Blink rElec Slay+5}
  3529 | D:5      | Noticed a two-headed ogre
  3529 | D:5      | Noticed a water moccasin
  3532 | D:5      | Killed a water moccasin
  3533 | D:5      | Reached skill level 10 in Ranged Weapons
  3535 | D:5      | Noticed a wyvern
  3536 | D:5      | Slain by a two-headed ogre

Illustrated notes

Levels and vault maps discovered:
D:1:      minmay_arrival_radiant_lines, layout_loops_ring,
          minmay_misc_feat_room, dreamdust_mushroom_princess,
          minmay_misc_feat_hallway, hangedman_decor_peaks_small
D:2:      layout_basic, uniq_jessica
D:3:      layout_rooms, worldfamousw_hep_ancestral_shrine,
          kiku_gazebo_pond_becter, cheibrodos_sewer_entry_sluice
D:4:      layout_gridville, overflow_temple_1_default,
          mainiacjoe_overflow_tiny_flanked, serial_shops, shop_statue,
          nicolae_shop_bloodbath_and_beyond, serial_glass, glass_columns_a,
          glass_columns_b, uniq_ijyb, uniq_natasha
D:5:      layout_loops_ring, nemelex_spade_bored_becter

Skill      XL: |  1  2  3  4  5  6  7 |
---------------+----------------------+-----
Stealth        | 2 3 |  3.0
Fighting       | 3 4 5 |  5.0
Ranged Weapons | 6 8 10 | 10.0
Dodging        | 3 |  3.0

Action                   |  1- 3 |  4- 6 |  7- 9 || total
-------------------------+-------+-------+-------++-------
 Fire: Shortbow          |    66 |   138 |    25 ||   229
 Cast: Wereblood         |       |     1 |     1 ||     2
  Use: Scroll            |     6 |     3 |     3 ||    12
Armor: Leather armour    |     8 |     5 |       ||    13
       Robe              |       |    10 |     1 ||    11
Dodge: Dodged            |    42 |    33 |     5 ||    80

Table legend: (Time is in decaauts)
 A = Elapsed time spent in this place.
 B = Non-inter-level travel time spent in this place.
 C = Inter-level travel time spent in this place.
 D = Time resting spent in this place.
 E = Time spent auto-exploring this place.
 F = Levels seen in this place.
 G = Mean time per level.
                   A        B        C        D        E       F      G
               +--------+--------+--------+--------+--------+-----+--------+
         Total |   3663 |   3597 |     66 |      0 |   3007 |   6 |  610.5 |
       Dungeon |   3266 |   3200 |     66 |      0 |   2734 |   5 |  653.2 |
         Sewer |    397 |    397 |      0 |      0 |    273 |   1 |  397.0 |
               +--------+--------+--------+--------+--------+-----+--------+

Top non-repeatable levels by time:
     D:1: 896 daAuts
     D:4: 791 daAuts
     D:2: 694 daAuts
     D:3: 643 daAuts
   Sewer: 397 daAuts
     D:5: 240 daAuts
